 Dungeon Crawl Stone Soup version 0.31-a0-115-g4708a659fe (webtiles) character file.

Game seed: 2342997486116796778

396 loir the Ducker (level 6, 0/76 HPs)
             Began as a Merfolk Gladiator on May 30, 2023.
             Slain by a gnoll
             ... wielding a +0 flail
             ... led by a gnoll bouda
              (5 damage)
             ... on level 6 of the Dungeon.
             The game lasted 00:18:42 (2498 turns).

loir the Ducker (Merfolk Gladiator)                 Turns: 2498, Time: 00:18:43

Health: 0/76       AC: 13    Str: 17    XL:     6   Next: 82%
Magic:  6/6        EV: 14    Int:  7    God:
Gold:   171        SH:  0    Dex: 15    Spells: 5/5 levels left

rFire   . . .        a - +1 trident (protect)
rCold   + . .        (no shield)
rNeg    . . .        m - +0 leather armour {rC+}
rPois   .            c - +1 helmet
rElec   .            l - scarf {shadows}
rCorr   .            k - +0 pair of gloves
SInv    .            (no boots)
Will    .....        (no amulet) Stlth
                     (no ring)
HPRegen 0.32/turn    (no ring)
MPRegen 0.10/turn

%: no passive effects
@: berserking (expiring), under a protective aura, very quick
A: (nimble swimmer 2), mertail
a: no special abilities


You were on level 6 of the Dungeon.
You visited 1 branch of the dungeon, and saw 6 of its levels.

You collected 171 gold pieces.

Inventory:

Hand Weapons
 a - a +1 trident of protection (weapon)
Missiles
 d - 3 throwing nets
 e - 6 poisoned darts (quivered)
 j - 6 boomerangs
Armour
 b - a +0 leather armour
 c - a +1 helmet (worn)
 k - a +0 pair of gloves (worn)
 l - a scarf of shadows (worn)
 m - a +0 leather armour of cold resistance (worn)
Wands
 i - a wand of iceblast (9)
Potions
 g - 2 potions of curing
 h - a potion of attraction {unknown}
 n - a potion of magic {unknown}
 o - 2 potions of haste {unknown}
 p - a potion of enlightenment {unknown}


   Skills:
 * Level 5.1 Fighting
 + Level 5.6 Polearms
 + Level 3.5 Throwing
 + Level 5.6 Dodging


You had 5 spell levels left.
You didn't know any spells.
Your spell library contained the following spells:

 Spells                   Type           Power      Damage    Failure   Level
 Kiss of Death            Conj/Necr      0%         2d5       50%         1
 Sandblast                Erth           0%         2d4       50%         1
 Passwall                 Tmut/Erth      0%         N/A       65%         2
 Confusing Touch          Hex            0%         N/A       86%         3
 Stone Arrow              Conj/Erth      0%         3d7       86%         3
 Animate Armour           Summ/Erth      0%         N/A       99%         4
 Dispel Undead            Necr           0%         3d6       99%         4
 Lehudib's Crystal Spear  Conj/Erth      0%         10d2      100%        8


Dungeon Overview and Level Annotations

Branches:
Dungeon (6/15)
 Temple: D:4-7

Altars:
Zin

Shops:
D:2 [

Annotations:
D:4 Grinder
D:5 Eustachio


Innate Abilities, Weirdness & Mutations

((You are very nimble when in or above water. (Stealth+, EV+, Speed+++)))
Your lower body shifts to a powerful aquatic tail in water.


Message History

The gnoll hits you but does no damage. The quokka completely misses you.
The steam dragon bites you but does no damage.
The steam dragon misses you. The gnoll bouda barely misses you.
The gnoll hits you but does no damage.
You puncture the gnoll bouda!
The gnoll bouda is almost dead.
The gnoll barely misses you.
The quokka bites you but does no damage.
The gnoll closely misses you. The steam dragon closely misses you.
The steam dragon claws you but does no damage.
The gnoll bouda closely misses you.
You puncture the gnoll bouda!
You kill the gnoll bouda!
The gnoll hits you but does no damage. The gnoll barely misses you.
The ufetubus closely misses you. x2
You closely miss the gnoll. The water moccasin closely misses you.
The quokka barely misses you.
The gnoll hits you from afar with a +0 halberd.
* * * LOW HITPOINT WARNING * * *
The steam dragon breathes steam at you. The ball of steam hits you.
* * * LOW HITPOINT WARNING * * *
You hear an angry hiss. x2
You puncture the gnoll!
The gnoll is heavily wounded.
You are engulfed in a cloud of scalding steam.
The ufetubus misses you. The ufetubus completely misses you.
The gnoll closely misses you.
The water moccasin bites you but does no damage.
The quokka completely misses you. The gnoll closely misses you.
The ufetubus barely misses you. The ufetubus closely misses you.
The gnoll hits you from afar with a +0 halberd.
* * * LOW HITPOINT WARNING * * *
You puncture the gnoll!
You kill the gnoll!
You are engulfed in a cloud of scalding steam.
The water moccasin barely misses you. The steam dragon barely misses you.
The steam dragon closely misses you. The quokka misses you.
The gnoll hits you with a +0 flail.
You die...

#.......#
#.......# #
#.......#..
#..........
#..g.......
..#..SgD..#
.....)@5..#
..####.r.##
###....
#...# ..##
.# #


You could see a steam dragon (catching breath), a water moccasin, 2 gnolls, an
ufetubus and a quokka.

Vanquished Creatures
  2 scorpions
  A hound (D:5)
  An orc priest (D:4)
  A gnoll bouda (D:6)
  An iguana (D:5)
  3 gnolls (D:6)
  7 adders
  5 worms
  2 dart slugs (D:2)
  7 orcs
  3 bats
  5 endoplasms
  2 giant cockroaches
  A goblin (D:2)
  5 hobgoblins
  4 jackals (D:2)
  4 kobolds
  5 quokkas
  9 ball pythons
  6 rats
74 creatures vanquished.

Notes
Turn   | Place    | Note
-------+----------+-------------------------------------------
     0 | D:1      | loir the Merfolk Gladiator began the quest for the Orb.
     0 | D:1      | Reached XP level 1. HP: 16/16 MP: 1/1
   175 | D:1      | Reached XP level 2. HP: 23/23 MP: 2/2
   644 | D:2      | Found Ginaek's Antique Armour Shoppe.
   665 | D:2      | Reached XP level 3. HP: 20/28 MP: 3/3
   859 | D:2      | Reached XP level 4. HP: 29/35 MP: 4/4
   899 | D:2      | Found a faded altar of an unknown god.
  2137 | D:4      | Reached XP level 5. HP: 41/42 MP: 5/5
  2165 | D:4      | Reached skill level 5 in Dodging
  2166 | D:4      | Noticed Grinder
  2170 | D:4      | Reached skill level 5 in Polearms
  2178 | D:5      | Entered Level 5 of the Dungeon
  2290 | D:5      | Reached XP level 6. HP: 37/49 MP: 6/6
  2350 | D:5      | Noticed a black bear
  2417 | D:5      | Found a glowing silver altar of Zin.
  2440 | D:5      | Noticed Eustachio
  2483 | D:6      | Noticed a steam dragon
  2484 | D:6      | Reached skill level 5 in Fighting
  2489 | D:6      | Noticed a water moccasin
  2498 | D:6      | Slain by a gnoll

Illustrated notes

Levels and vault maps discovered:
D:1:      spicycebolla_arrival_risky_transporter, layout_rooms, minmay_tripent
D:2:      layout_basic, ebering_ecumenical_altar_sacrificial, serial_shops,
          nicolae_shop_overgrown_old_shop,
          nicolae_concentric_dashed_squares_wild, minmay_hedge_maze
D:3:      minmay_door_path, layout_rooms, hex_medium
D:4:      layout_loops_ring, nicolae_ru_awakened_eye,
          gammafunk_temple_overflow_statue, gup_sewer_entry_glass, uniq_grinder
D:5:      layout_cave_pools, zin_statuary, lightli_temple_of_fire,
          chequers_temple_overflow_minitemple, uniq_eustachio
D:6:      layout_rooms, ashenzari_altar_1, minmay_temple_entry_statues_pillars

Skill      XL: |  1  2  3  4  5  6 |
---------------+-------------------+-----
Fighting       | 3 4 5 |  5.1
Dodging        | 5 |  5.6
Polearms       | 5 |  5.6
Throwing       | 3 |  3.5

Action                     |  1- 3 |  4- 6 || total
---------------------------+-------+-------++-------
  Melee: Trident           |    94 |   162 ||   256
         Punch             |     1 |     2 ||     3
  Throw: Javelin           |       |     1 ||     1
    Use: Scroll            |     7 |     5 ||    12
         Potion            |       |     3 ||     3
   Stab: Sleeping          |     1 |     2 ||     3
 Armour: Leather armour    |    33 |    89 ||   122
  Dodge: Dodged            |    74 |   177 ||   251

Table legend: (Time is in decaauts)
 A = Elapsed time spent in this place.
 B = Non-inter-level travel time spent in this place.
 C = Inter-level travel time spent in this place.
 D = Time resting spent in this place.
 E = Time spent auto-exploring this place.
 F = Levels seen in this place.
 G = Mean time per level.
                   A        B        C        D        E       F      G
               +--------+--------+--------+--------+--------+-----+--------+
         Total |   2516 |   2222 |    294 |     87 |   1601 |   6 |  419.3 |
       Dungeon |   2516 |   2222 |    294 |     87 |   1601 |   6 |  419.3 |
               +--------+--------+--------+--------+--------+-----+--------+

Top non-repeatable levels by time:
     D:3: 787 daAuts
     D:2: 753 daAuts
     D:1: 591 daAuts
     D:5: 304 daAuts
     D:4: 59 daAuts
     D:6: 20 daAuts
